Map: Nightscape LE

Players

MattBarry

  • Race: Protoss Protoss
  • Spawn Location: 1:00

MattBarry

  • Race: Zerg Zerg
  • Spawn Location: 1:00

Kchorro - Winner!

  • Race: Zerg Zerg
  • League: Gold
  • Spawn Location: 7:00

Pepito - Winner!

  • Race: Protoss Protoss
  • Spawn Location: 7:00

VOD

Have the link to the VOD?

Description

Time

  • Played on: Jan. 3, 2023, 12:08 a.m.
  • Length: 3:00
Show
View Real Time Build Order
Export as new Build Order

MattBarry Protoss 

Build Orders:  

Get SALT Encoding   

  12  0:00  Probe  
  13  0:12  Probe  
Show
View Real Time Build Order
Export as new Build Order

MattBarry Zerg 

Build Orders:  

Get SALT Encoding   

  12  0:00  Drone  
  13  0:12  Overlord  
  13  1:09  Drone  
  8  2:00  Hatchery  
  2  2:40  Hatchery  
Show
View Real Time Build Order
Export as new Build Order

Kchorro Zerg - Winner!

Build Orders:  

Get SALT Encoding   

  12  0:02  Drone  
  13  0:19  Drone  
  14  0:24  Extractor  
  13  0:32  Drone, Overlord  
  14  0:52  Drone x2  
  14  0:55  Extractor  
  15  1:16  Drone  
  10  2:02  Drone x2  
Show
View Real Time Build Order
Export as new Build Order

Pepito Protoss - Winner!

Build Orders:  

Get SALT Encoding   

  12  0:01  Probe  
  13  0:13  Probe  
  14  0:15  Pylon  
  14  0:25  Probe  
  15  0:29  Assimilator  
  15  0:38  Probe  
  15  0:40  Gateway  
  15  0:42  Assimilator  
  16  0:50  Probe  
  17  1:05  Gateway  
  17  1:06  Probe  
  18  1:18  Probe  
  19  1:25  Zealot (Chrono Boost)  
  20  1:34  Probe  
  14  1:44  Zealot (Chrono Boost)  
  14  1:46  Probe  
  14  1:52  Zealot (Chrono Boost)  
  16  1:57  Cybernetics Core  
  16  1:58  Probe  
  17  2:10  Probe  
  17  2:13  Pylon  
  18  2:23  Probe  
  19  2:35  Probe  
  24  2:47  Probe  
Tags
 
Add a new tag
Caveats
  • Supply blocks, unpowered buildings, or Contaminate may cause inaccurate times.
  • Supply counts are checked every 10 seconds.